 Dungeon Crawl Stone Soup version 0.19.0-11-g3fc08b3 (webtiles) character file.

14 tv1990 the Vexing (level 2, -2/21 HPs)
             Began as a Formicid Arcane Marksman on Nov 8, 2016.
             Slain by a jackal (3 damage)
             ... on level 1 of the Dungeon.
             The game lasted 00:02:31 (178 turns).

tv1990 the Vexing (Formicid Arcane Marksman)         Turns: 178, Time: 00:02:31

Health: -2/21      AC:  2    Str: 15    XL:     2   Next: 60%
Magic:  3/3        EV: 12    Int: 12    God:
Gold:   22         SH:  0    Dex: 10    Spells: 1 memorised, 2 levels left

rFire  + . .     SeeInvis +     l - +0 whip
rCold  . . .     Gourm    .     e - +0 robe
rNeg   . . .     Faith    .     (no shield)
rPois  .         Spirit   .     (helmet unavailable)
rElec  .         Reflect  .     (no cloak)
rCorr  .         Harm     .     (no gloves)
MR     .....                    (no boots)
Stlth  +.........               (no amulet)
                                (no ring)
                                j - ring of protection from fire

@: no status effects
A: permanent stasis, dig shafts and tunnels, four strong arms, antennae 3
a: Dig, Shaft Self


You were on level 1 of the Dungeon.
You were not hungry.

You visited 1 branch of the dungeon, and saw 1 of its levels.

You collected 22 gold pieces.

Inventory:

Hand Weapons
 a - a +0 hand crossbow
 l - a +0 whip (weapon)
Missiles
 d - 15 bolts
Armour
 e - a +0 robe (worn)
Jewellery
 j - a ring of protection from fire (left hand)
Scrolls
 g - a scroll of remove curse {unknown}
 h - a scroll of recharging {unknown}
Potions
 i - a potion of agility {unknown}
 k - a potion of flight {unknown}
Books
 c - a book of Debilitation

   Spells                             Type                      Level
   a - Corona                         Hexes                        1
   b - Slow                           Hexes                        2
   c - Gell's Gravitas                Hexes/Translocation          3
   d - Inner Flame                    Hexes/Fire                   3
   e - Cause Fear                     Hexes                        4
   f - Leda's Liquefaction            Hexes/Earth                  4
Comestibles
 b - 7 chunks of flesh
 f - a bread ration


   Skills:
 - Level 1.1 Fighting
 + Level 0.4 Maces & Flails
 * Level 2.4 Crossbows
 - Level 1.3 Armour
 - Level 1.7 Dodging
 - Level 1.1 Spellcasting
 - Level 3.6 Hexes


You had 2 spell levels left.
You knew the following spells:

 Your Spells              Type           Power        Failure   Level  Hunger
a - Corona                Hex            #......      10%         1    ##.....


Dungeon Overview and Level Annotations

Branches:
Dungeon (1/15)

Altars:


Innate Abilities, Weirdness & Mutations

You are under a permanent stasis effect.
You can dig through walls and to a lower floor.
Your four strong arms can wield two-handed weapons with a shield.
You have a pair of large antennae on your head. (SInv)


Message History

You miss the jackal. The jackal bites you.
* * * LOW HITPOINT WARNING * * *
You closely miss the jackal. The jackal closely misses you.
The jackal bites you.
* * * LOW HITPOINT WARNING * * *
You hit the jackal.
The jackal is severely wounded.
The jackal closely misses you.
You completely miss the jackal.
The jackal is severely wounded.
The jackal bites you.
* * * LOW HITPOINT WARNING * * *
The jackal bites you.
* * * LOW HITPOINT WARNING * * *
You hit the jackal but do no damage.
The jackal is severely wounded.
The jackal bites you.
* * * LOW HITPOINT WARNING * * *
The jackal bites you.
You die...

#...#.#.## # #.. { ..
..###.#..#. ####.# #... ###
#.##....#....#######.#.# #.#
#...)##.##....#...# #.# # ..
#.%...........#
#.###..#.#.###.##....$.# ###
..#........##.###......#
..##.##.#.(...hh#...#..(...#
.... #......#@..#h......#
#.# #(.....###.##........
#.# #......##.###....(... .
....................#.
.####......#†......... ##.
..# ..................## ...
... ####...##)###.##### ...
###.####....##.# .# ##..
.........#..#.#


You could see 3 jackals.

Vanquished Creatures
  A ball python (D:1)
  2 bats (D:1)
  4 hobgoblins (D:1)
  2 kobolds (D:1)
  A frilled lizard (D:1)
  2 goblins (D:1)
12 creatures vanquished.

Notes
Turn   | Place    | Note
-------+----------+-------------------------------------------
     0 | D:1      | tv1990 the Formicid Arcane Marksman began the quest for the Orb.
     0 | D:1      | Reached XP level 1. HP: 15/15 MP: 2/2
   117 | D:1      | Reached skill level 1 in Armour
   120 | D:1      | Reached XP level 2. HP: 17/21 MP: 3/3
   178 | D:1      | HP: 1/21 [jackal (1)]
   178 | D:1      | Slain by a jackal

Skill      XL: |  1 |
---------------+----+-----
Armour         | 1 |  1.3
Fighting       | |  1.1
Maces & Flails | |  0.4
Crossbows      | |  2.4
Dodging        | |  1.7
Spellcasting   | |  1.1
Hexes          | |  3.6

Action                   || total
-------------------------++-------
Melee: Whip              ||    19
 Fire: Hand crossbow     ||    20
Armor: Robe              ||    15
Dodge: Dodged            ||    53

Table legend:
 A = Turns spent in this place as a percentage of turns spent in the entire game.
 B = Non-inter-level travel turns spent in this place as a percentage of non-inter-level travel turns spent in the entire game.
 C = Inter-level travel turns spent in this place as a percentage of turns spent in this place.
 D = Turns resting spent in this place as a percentage of non-inter-level travel turns spent in this place.
 E = Turns spent auto-exploring this place as a percentage of non-inter-level travel turns spent in this place.
 F = Non-inter-level travel turns spent in this place divided by the number of levels of this place that you've seen.
                   A       B       C       D       E      F
               +-------+-------+-------+-------+-------+----------------------
         Total | 100.0 | 100.0 |   0.0 |   0.0 |  18.3 |  82.0
       Dungeon | 100.0 | 100.0 |   0.0 |   0.0 |  18.3 |  82.0
               +-------+-------+-------+-------+-------+----------------------

Table legend:
 A = Kills in this place as a percentage of kills in entire the game.
 B = Kills by you in this place as a percentage of kills by you in the entire game.
 C = Kills by friends in this place as a percentage of kills by friends in the entire game.
 D = Other kills in this place as a percentage of other kills in the entire game.
 E = Experience gained in this place as a percentage of experience gained in the entire game.
 F = Experience gained in this place divided by the number of levels of this place that you have seen.
                   A       B       C       D       E      F
               +-------+-------+-------+-------+-------+----------------------
         Total | 100.0 | 100.0 |  -nan |  -nan | 100.0 |  21.0
       Dungeon | 100.0 | 100.0 |  -nan |  -nan | 100.0 |  21.0
               +-------+-------+-------+-------+-------+----------------------

Vault maps used:
D:1:      evilmike_arrival_crescent, minmay_pentomino_p4
